 Dungeon Crawl Stone Soup version 0.29.1-12-g30fa7ad0bf (webtiles) character file.

Game seed: 6642556691674228079

312 croobank the Trooper (level 6, 0/56 HPs)
             Began as a Minotaur Fighter on Dec 24, 2022.
             Slain by Pikel
             ... wielding a +2 whip of electrocution
              (6 damage)
             ... on level 4 of the Dungeon.
             The game lasted 00:05:39 (3085 turns).

croobank the Trooper (Minotaur Fighter)             Turns: 3085, Time: 00:05:39

Health: 0/56       AC:  7    Str: 22    XL:     6   Next: 18%
Magic:  5/5        EV:  9    Int:  5    God:
Gold:   179        SH:  5    Dex: 10    Spells: 5/5 levels left

rFire   . . .      SeeInvis .   a - +1 war axe
rCold   . . .      Faith    .   c - +0 buckler
rNeg    . . .      Spirit   .   b - +0 scale mail
rPois   .          Reflect  .   (helmet restricted)
rElec   .          Harm     .   (no cloak)
rCorr   .          Rampage  .   (no gloves)
Will    .....                   (no boots)
Stlth   ..........              (no amulet)
HPRegen 0.18/turn               (no ring)
MPRegen 0.09/turn               (no ring)

@: no status effects
A: horns 2, retaliatory headbutt
a: no special abilities


You were on level 4 of the Dungeon.
You visited 1 branch of the dungeon, and saw 4 of its levels.

You collected 179 gold pieces.

Inventory:

Hand Weapons
 a - a +1 war axe (weapon)
 i - a +2 dagger of speed
Armour
 b - a +0 scale mail (worn)
 c - a +0 buckler (worn)
Jewellery
 g - an amulet of faith
 m - a +6 ring of intelligence
Scrolls
 j - a scroll of immolation
 l - a scroll of noise
Potions
 e - a potion of cancellation
 n - a potion of haste
 p - 2 potions of ambrosia
 r - a potion of brilliance {unknown}


   Skills:
 + Level 5.2 Fighting
 + Level 4.4 Axes
 + Level 5.2 Armour
 + Level 5.2 Shields


You had 5 spell levels left.
You didn't know any spells.
Your spell library contained the following spells:

 Spells                   Type           Power      Damage    Failure   Level
 Magic Dart               Conj           0%         1d3       86%         1
 Slow                     Hex            0%         N/A       86%         1
 Searing Ray              Conj           0%         2d4       95%         2
 Confusing Touch          Hex            0%         N/A       99%         3
 Gell's Gravitas          Tloc           0%         N/A       99%         3
 Teleport Other           Tloc           0%         N/A       99%         3
 Vampiric Draining        Necr           0%         2d6       99%         3
 Fulminant Prism          Conj/Hex       0%         3d6       100%        4
 Dispersal                Tloc           0%         N/A       100%        6


Dungeon Overview and Level Annotations

Branches:
Dungeon (4/15)
 Temple: D:4-7

Altars:
Ru
Sif Muna

Annotations:
D:4 Ijyb, Pikel


Innate Abilities, Weirdness & Mutations

You have a pair of horns on your head.
You reflexively headbutt those who attack you in melee.


Message History

Pikel shouts!
You hear a shout!
The ball python barely misses you. You furiously retaliate!
You headbutt the ball python!
You kill the ball python!
Pikel checks his coin pouch and frowns.
A lemure comes into view.
Pikel zaps a wand.
The roots erupt in riotous growth!
The grasping roots grab you! The grasping roots constrict you.
You hear a bark!
You hear a shout! x3
You escape the roots grasp.
You closely miss Pikel. Your headbutt misses Pikel.
Pikel hits you with a +2 whip of electrocution!
You hit Pikel but do no damage. You headbutt Pikel, but do no damage.
A hound comes into view.
Pikel hits you with a +2 whip of electrocution.
Pikel zaps a wand.
The roots erupt in riotous growth!
The grasping roots grab you!
Pikel is unaffected.
The grasping roots constrict you!
You hear a shout! x2; You hear an angry hiss.
You slash Pikel!
Pikel is moderately wounded.
Pikel hits you with a +2 whip of electrocution.
The grasping roots constrict you!
You closely miss Pikel.
Pikel is moderately wounded.
You barely miss the lemure. The lemure hits you.
* * * LOW HITPOINT WARNING * * *
Pikel hits you but does no damage. The grasping roots constrict you!
* * * LOW HITPOINT WARNING * * *
The grasping roots release their grip on you.
You closely miss Pikel.
Pikel is moderately wounded.
You barely miss the lemure. You block the lemure's attack.
You block Pikel's attack. The lemure completely misses you.
You furiously retaliate!
You headbutt the lemure, but do no damage.
An orc comes into view. It is wielding a +0 hand axe.
Pikel hits you with a +2 whip of electrocution.
You die...

....#.....##
............##
.............#
..............#
..............#
.$.......)....#
..........<...#
..............#####
#.....#....@K......
.......).###5#####.
.........# h#
........... .#
......[..##..>
######.... ...
###########. ...
#........# # .#o
#...g....####


You could see Pikel, a lemure, a hound and an orc.

Vanquished Creatures
  3 lemures (D:3)
  A howler monkey (D:3)
  2 hounds (D:3)
  An orc priest (D:3)
  Jessica (D:3)
  An iguana (D:3)
  An orc wizard (D:4)
  3 adders
  5 dart slugs
  2 orcs (D:3)
  10 endoplasms
  A giant cockroach (D:2)
  9 goblins
  5 hobgoblins
  9 jackals
  3 quokkas
  4 ball pythons
  3 bats
  3 frilled lizards
  5 kobolds
  3 rats
75 creatures vanquished.

Notes
Turn   | Place    | Note
-------+----------+-------------------------------------------
     0 | D:1      | croobank the Minotaur Fighter began the quest for the Orb.
     0 | D:1      | Reached XP level 1. HP: 19/19 MP: 0/0
   470 | D:1      | Reached XP level 2. HP: 27/27 MP: 1/1
   552 | D:1      | Found a faded altar of an unknown god.
   710 | D:1      | Reached XP level 3. HP: 33/33 MP: 2/2
  1752 | D:3      | Reached XP level 4. HP: 41/41 MP: 3/3
  1997 | D:3      | Found a sacrificial altar of Ru.
  2175 | D:3      | Noticed Jessica
  2183 | D:3      | Found a shimmering blue altar of Sif Muna.
  2186 | D:3      | Killed Jessica
  2329 | D:4      | Noticed a scorpion
  2334 | D:4      | Noticed Ijyb
  2344 | D:3      | Reached XP level 5. HP: 30/47 MP: 4/4
  2489 | D:4      | Noticed a lemure
  2489 | D:4      | Noticed a lemure
  2626 | D:4      | Noticed a lemure
  2634 | D:3      | Reached skill level 5 in Fighting
  2634 | D:3      | Reached skill level 5 in Armour
  2634 | D:3      | Reached skill level 5 in Shields
  2637 | D:3      | Killed a lemure
  2821 | D:3      | Killed a lemure
  2832 | D:3      | Killed a lemure
  2844 | D:3      | Reached XP level 6. HP: 16/56 MP: 5/5
  3077 | D:4      | Noticed Pikel
  3085 | D:4      | Slain by Pikel

Illustrated notes

Levels and vault maps discovered:
D:1:      mrwooster_arrival_statue, layout_basic, ebering_ecumenical_altar_mist
D:2:      layout_loops_ring
D:3:      layout_rooms, tgw_sif, mainiacjoe_overflow_24_doors, glass_columns_c
D:4:      layout_rooms, minmay_temple_entry_arrows, gup_sewer_entry_glass,
          uniq_blork_the_orc, uniq_pikel, uniq_ijyb

Skill      XL: |  1  2  3  4  5 |
---------------+----------------+-----
Fighting       | 4 5 |  5.2
Shields        | 4 5 |  5.2
Armour         | 4 5 |  5.2
Axes           | 3 4 |  4.4

Action                   |  1- 3 |  4- 6 || total
-------------------------+-------+-------++-------
Melee: War axe           |    93 |    82 ||   175
       Headbutt          |    11 |    10 ||    21
Evoke: Wand              |       |     1 ||     1
  Use: Scroll            |       |    10 ||    10
       Potion            |       |     1 ||     1
Armor: Scale mail        |    50 |    52 ||   102
Dodge: Dodged            |    44 |    52 ||    96
Block: Buckler           |    22 |    32 ||    54
